AoeStats
← Flying-Cucumber

MegaRandom

507835808Analyzed
2v2 RM · 13d ago on Sep 19, 2026· 44m 45s· 4 players
Game mode
Random Map
Map size
Medium (4 player)
Population
200
Speed
Normal
Resources
Standard
Victory
Conquest
Starting age
Dark Age
Ending age
Imperial Age
RankedLock teamsTeams togetherTeam positionsShared explorationLock speedFull tech treeHidden civsTurbo modeCheats
Victory
Defeat
🇳🇱 Muisca · Netherlands
1302
+16
🇩🇰 Italians · Denmark
1301
+17
🇦🇷 Malians · Argentina
1313
-17
🇫🇷 Bengalis · France
1311
-16
NeeIpbah
9:18 Loom
11:04 Feudal Age
12:40 Double-Bit Axe
15:12 Fletching
16:04 Wheelbarrow
16:45 Padded Archer Armor
17:58 Gold Mining
17:51 Horse Collar
22:13 Castle Age
22:16 Crossbowman
23:21 Bodkin Arrow
29:09 Hand Cart
34:57 Thumb Ring
37:49 Imperial Age
38:46 Ballistics
38:01 Arbalester
39:43 Chemistry
38:45 Bracer
39:01 Leather Archer Armor
39:14 Conscription
42:59 Masonry
44:14 Elite Genoese Crossbowman
DJ Elvis Freshly
7:29 Loom
10:49 Feudal Age
11:35 Double-Bit Axe
14:17 Horse Collar
14:13 Champi Runner
17:15 Scale Mail Armor
17:45 Forging
21:43 Castle Age
22:53 Champi Warrior
23:35 Squires
27:17 Fervor
27:28 Sanctity
27:49 Wheelbarrow
33:06 Redemption
35:12 Fletching
36:56 Bodkin Arrow
37:59 Ballistics
39:23 Hand Cart
41:05 Padded Archer Armor
41:59 Chain Mail Armor
43:38 Heavy Plow
43:49 Bow Saw
45:05 Thumb Ring
vaeVictis
8:35 Loom
12:16 Feudal Age
17:57 Castle Age
16:58 Double-Bit Axe
16:56 Horse Collar
18:41 Forging
25:36 Fletching
26:35 Bodkin Arrow
29:10 Husbandry
29:24 Bloodlines
30:14 Wheelbarrow
30:25 Light Cavalry
31:52 Scale Barding Armor
33:03 Chain Barding Armor
34:23 Heavy Plow
40:10 Imperial Age
37:50 Padded Archer Armor
39:43 Hand Cart
40:35 Iron Casting
44:12 Plate Barding Armor
44:35 Conscription
Flying-Cucumber
5:12 Loom
11:39 Feudal Age
12:09 Double-Bit Axe
13:40 Gold Mining
14:48 Fletching
16:27 Padded Archer Armor
18:50 Horse Collar
25:55 Castle Age
25:03 Gold Mining
26:33 Bodkin Arrow
25:59 Crossbowman
27:04 Leather Archer Armor
27:09 Bow Saw
28:07 Heavy Plow
36:34 Ballistics
Connection lost

Rejoining the realm…

Still unreachable

The connection could not be restored.

Session expired

The server has moved on; the page needs a fresh start.